 Dungeon Crawl Stone Soup version 0.26-b1-32-g5d43845318 (webtiles) character file.

Game seed: 14761527420446444637

905 MTVSty1e the Cleaver (level 8, 0/46 HPs)
             Began as a Gargoyle Fighter on Jan 9, 2021.
             Killed by divine providence
             ... invoked by an orc priest
              (12 damage)
             ... on level 5 of the Dungeon.
             The game lasted 00:04:52 (4413 turns).

MTVSty1e the Cleaver (Gargoyle Fighter)             Turns: 4413, Time: 00:04:52

Health: 0/46       AC: 12    Str: 20 (21) XL:     8   Next: 8%
Magic:  17/17      EV:  7    Int:  9 (10) God:
Gold:   191        SH:  9    Dex:  6 (9)  Spells: 7/7 levels left

rFire    . . .     SeeInvis .   a - +1 war axe
rCold    + . .     Faith    .   c - +1 kite shield
rNeg     + . .     Spirit   .   b - +0 scale mail
rPois    ∞         Reflect  .   (no helmet)
rElec    +         Harm     .   (no cloak)
rCorr    .         Rampage  .   (no gloves)
Will     .....                  (no boots)
Stlth    ..........             (no amulet)
HPRegen  0.15/turn              f - ring of protection from cold
MPRegen  0.15/turn              d - ring of magical power

@: no status effects
A: negative energy resistance 1, electricity resistance, unbreathing,
petrification resistance, miasma immunity, AC +5
a: no special abilities


You were on level 5 of the Dungeon.
You visited 1 branch of the dungeon, and saw 5 of its levels.

You collected 191 gold pieces.

Inventory:

Hand Weapons
 a - a +1 war axe (weapon)
 n - a +2 falchion of holy wrath
Armour
 b - a +0 scale mail (worn)
 c - a +1 kite shield (worn)
Jewellery
 d - a ring of magical power (right hand)
 f - a ring of protection from cold (left hand)
 i - an uncursed ring of ice
Scrolls
 e - 2 scrolls of identify
 m - a scroll of teleportation
Potions
 h - a potion of cancellation {unknown}
 j - a potion of berserk rage {unknown}
 k - a potion of flight {unknown}
 l - a potion of magic {unknown}
 o - a potion of curing {unknown}
 p - 2 potions of haste {unknown}
 q - a potion of lignification {unknown}
 s - a potion of mutation {unknown}


   Skills:
 - Level 3.2 Fighting
 * Level 8.4 Axes
 - Level 3.2 Armour
 - Level 3.2 Shields


You had 7 spell levels left.
You didn't know any spells.
Your spell library was empty.

Dungeon Overview and Level Annotations

Branches:
Dungeon (5/15)
 Temple: D:4-7

Altars:
Dithmenos
Nemelex Xobeh
Trog
Wu Jian
The Shining One

Shops:
D:4 ?   D:5 =


Innate Abilities, Weirdness & Mutations

You are resistant to torment.
Your stone body is resilient. (AC +5)
You are immune to poison.
You resist negative energy. (rN+)
You are resistant to electric shocks. (rElec)
You can survive without breathing.
You are immune to petrification.
You are immune to miasma.


Message History

Things that are here:
a +0 hand axe; a +0 falchion; an orc corpse You barely miss the orc.
The orc priest looks encouraged for a moment.
The orc barely misses you.
You slash the orc!
You kill the orc!
The orc priest calls down the wrath of Beogh upon you.
Beogh smites you!
The orc priest calls down the wrath of Beogh upon you.
Beogh smites you!
* * * LOW HITPOINT WARNING * * *
There is an entrance to Loth's Jewellery Emporium here.
Things that are here:
a +0 flail; a +0 ring mail You slash the orc priest!
The orc priest is severely wounded.
The orc priest calls down the wrath of Beogh upon you.
Beogh smites you!
You die...

..# ##.# .##
##..# .
#.#.# ###.#
#..# #..#
#..#
#..#########
#..(.)@o...#
#..#######.#
#..# #..#
###. #


You could see an orc priest.

Vanquished Creatures
  Sigmund (D:3)
  Menkaure (D:4)
  2 ogres (D:4)
  2 scorpions
  A crimson imp (D:4)
  Jessica (D:2)
  An iguana (D:4)
  A worker ant (D:4)
  3 gnolls (D:3)
  10 adders
  A worm (D:3)
  3 dart slugs
  3 leopard geckos
  14 orcs
  6 giant cockroaches
  9 goblins
  8 hobgoblins
  14 jackals
  3 quokkas (D:4)
  7 bats
  5 frilled lizards
  A goblin skeleton (D:4)
  2 hobgoblin zombies (D:4)
  4 kobolds
  A kobold skeleton (D:4)
  2 kobold zombies (D:4)
  3 orc skeletons (D:4)
  An orc zombie (D:4)
  10 rats
120 creatures vanquished.

Notes
Turn   | Place    | Note
-------+----------+-------------------------------------------
     0 | D:1      | MTVSty1e the Gargoyle Fighter began the quest for the Orb.
     0 | D:1      | Reached XP level 1. HP: 14/14 MP: 1/1
   180 | D:1      | Reached skill level 2 in Axes
   404 | D:1      | Reached XP level 2. HP: 17/19 MP: 2/2
   777 | D:1      | Reached skill level 3 in Axes
   790 | D:1      | Reached XP level 3. HP: 21/23 MP: 3/3
  1646 | D:2      | Noticed Jessica
  1651 | D:2      | Killed Jessica
  1652 | D:2      | Reached skill level 4 in Axes
  1652 | D:2      | Reached XP level 4. HP: 21/28 MP: 4/4
  1827 | D:2      | Reached XP level 5. HP: 25/32 MP: 5/5
  1831 | D:2      | Reached skill level 5 in Axes
  1999 | D:2      | Found an ornate altar of the Wu Jian Council.
  2026 | D:2      | Found a sparkling altar of Nemelex Xobeh.
  2157 | D:2      | You fall into a shaft and drop 2 floors!
  2165 | D:4      | Reached XP level 6. HP: 37/37 MP: 6/6
  2310 | D:3      | You fall into a shaft and drop 1 floor!
  2310 | D:4      | Found Xuteriost's Magic Scroll Boutique.
  2328 | D:4      | Found a shadowy altar of Dithmenos.
  2471 | D:3      | Noticed Sigmund
  2492 | D:3      | Killed Sigmund
  2493 | D:3      | Reached skill level 6 in Axes
  2755 | D:3      | Reached XP level 7. HP: 41/41 MP: 7/7
  2769 | D:3      | Found a bloodstained altar of Trog.
  3185 | D:3      | Found a faded altar of an unknown god.
  3503 | D:4      | Found a glowing golden altar of the Shining One.
  3537 | D:4      | Reached skill level 7 in Axes
  3851 | D:4      | Noticed Menkaure
  3856 | D:4      | Killed Menkaure
  3857 | D:4      | Reached skill level 8 in Axes
  3857 | D:4      | Reached XP level 8. HP: 26/46 MP: 8/8
  4307 | D:5      | Entered Level 5 of the Dungeon
  4403 | D:5      | Found Loth's Jewellery Emporium.
  4413 | D:5      | Killed from afar by an orc priest

Illustrated notes

Levels and vault maps discovered:
D:1:      evilmike_arrival_plus, layout_basic, serial_forest,
          infiniplex_forest_straight_3, infiniplex_forest_zigzag_1,
          infiniplex_forest_clump_small, infiniplex_forest_end_1,
          minmay_surrounded
D:2:      layout_basic, lemuel_round_altar, grunt_ministairs_9,
          nemelex_spade_bored_becter, uniq_jessica
D:3:      layout_basic, lemuel_coloured_pillars_altar,
          chequers_ecumenical_altar_island, uniq_sigmund
D:4:      layout_gridville, lemuel_crystal_altar, nicolae_tso_besieged_by_evil,
          serial_shops, shop, uniq_menkaure
D:5:      layout_loops_ring, led_sif_book, lemuel_temple_firewalk_b,
          serial_shops, shop, grunt_ministairs_15, hangedman_decor_slide_cut,
          uniq_edmund

Skill      XL: |  1  2  3  4  5  6  7 |
---------------+----------------------+-----
Axes           | 2 3 4 5 6 8 |  8.4
Fighting       | |  3.2
Armour         | |  3.2
Shields        | |  3.2

Action                   |  1- 3 |  4- 6 |  7- 9 || total
-------------------------+-------+-------+-------++-------
Melee: War axe           |   143 |   146 |   132 ||   421
  Use: Potion            |       |     1 |     1 ||     2
       Scroll            |       |       |    10 ||    10
Armor: Scale mail        |   121 |    69 |    55 ||   245
Dodge: Dodged            |    69 |    42 |    43 ||   154
Block: Kite shield       |   103 |    81 |    69 ||   253
